 Dungeon Crawl Stone Soup version 0.17.0-28-g6e173f8 (webtiles) character file.

969 dvd the Merchant of Misery (level 7, -2/48 HPs)
             Began as a Mummy Necromancer on Nov 27, 2015.
             Was a Believer of Kikubaaqudgha.
             Slain by a wight
             ... wielding a +3 dagger
              (6 damage)
             ... on level 5 of the Dungeon.
             The game lasted 00:33:32 (6616 turns).

dvd the Merchant of Misery (Mummy Necromancer)      Turns: 6616, Time: 00:33:32

Health: -2/48      AC:  6    Str: 12    XL:     7   Next: 94%
Magic:  14/14      EV: 13    Int: 16    God:    Kikubaaqudgha [**....]
Gold:   232        SH:  0    Dex: 12    Spells: 5 memorised, 5 levels left

rFire  x . .     SeeInvis +     l - +0 long sword
rCold  + . .     Clarity  +     u - +2 robe {rN+}
rNeg   + + +     SustAt   .     (no shield)
rPois  ∞         Gourm    .     (no helmet)
rElec  .         Spirit   .     v - +0 cloak {rPois}
rCorr  .         Warding  .     (no gloves)
rMut   .         Stasis   .     g - +0 pair of boots
MR     .....                    q - amulet of clarity
Stlth  ++........               (no ring)
                                h - ring of see invisible

@: not resistant to hostile enchantments, unstealthy
A: no food or potions, fire vulnerability, cold resistance 1, negative energy
resistance 3, torment resistance, unbreathing
a: Receive Corpses, Renounce Religion


You were on level 5 of the Dungeon.
You worshipped Kikubaaqudgha.
Kikubaaqudgha was pleased with you.
You were not hungry.

You visited 1 branch of the dungeon, and saw 6 of its levels.

You collected 377 gold pieces.
You spent 145 gold pieces at shops.

Inventory:

Hand Weapons
 c - a +0 dagger of venom
 k - a +1 dagger of venom
 l - a +0 long sword (weapon)
 s - a +0 flail
 t - a +0 scimitar
Armour
 g - a +0 pair of boots (worn)
 j - the +0 cloak of Apathy {+Blink rPois Int-2 Dex+2}
   (You found it on level 6 of the Dungeon)

   It affects your intelligence (-2).
   It affects your dexterity (+2).
   It protects you from poison.
   It lets you blink.
 r - the +12 large shield of Lifelessness {rC- rN+ SInv Stlth+}
   (You found it on level 6 of the Dungeon)

   It makes you vulnerable to cold.
   It protects you from negative energy.
   It lets you see invisible.
   It makes you more stealthy.
 u - a +2 robe of positive energy (worn)
 v - a +0 cloak of poison resistance (worn)
Jewellery
 h - a ring of see invisible (left hand)
 o - an uncursed amulet of resist mutation
 q - an amulet of clarity (around neck)
Wands
 e - a wand of draining (8)
Scrolls
 a - a scroll of teleportation
 d - a scroll of enchant weapon
 f - 8 scrolls of identify
 m - 2 scrolls of remove curse
 p - a scroll of fog
Books
 b - a book of Necromancy

   Spells                             Type                      Level
   a - Pain                           Necromancy                   1
   b - Animate Skeleton               Necromancy                   1
   c - Vampiric Draining              Necromancy                   3
   d - Regeneration                   Charms/Necromancy            3
   e - Animate Dead                   Necromancy                   4
   f - Control Undead                 Necromancy                   4
 i - a book of Hinderance

   Spells                             Type                      Level
   a - Confusing Touch                Hexes                        2
   b - Confuse                        Hexes                        3
   c - Gell's Gravitas                Hexes/Translocation          3
   d - Petrify                        Transmutation/Earth          4
   e - Metabolic Englaciation         Hexes/Ice                    5
 n - Kikubaaqudgha's Compendium of Stolen Souls
   (Kikubaaqudgha gifted it to you on level 3 of the Dungeon)

   Spells                             Type                      Level
   a - Animate Skeleton               Necromancy                   1
   b - Pain                           Necromancy                   1
   c - Corpse Rot                     Necromancy                   2
   d - Vampiric Draining              Necromancy                   3
   e - Control Undead                 Necromancy                   4


   Skills:
 + Level 1.0 Fighting
 + Level 1.0 Short Blades
 + Level 0.1(0.5) Long Blades
 + Level 2.8 Dodging
 + Level 3.0 Stealth
 + Level 5.3 Spellcasting
 + Level 0.5 Hexes
 + Level 6.8 Necromancy


You had 5 spell levels left.
You knew the following spells:

 Your Spells              Type           Power        Failure   Level  Hunger
a - Pain                  Necr           ####         1%          1    N/A
b - Animate Skeleton      Necr           N/A          1%          1    N/A
c - Vampiric Draining     Necr           ####......   2%          3    N/A
d - Animate Dead          Necr           N/A          12%         4    N/A
e - Confusing Touch       Hex            #.....       21%         2    N/A

Dungeon Overview and Level Annotations

Branches:
Dungeon (6/15)
 Temple: D:4-7

Altars:
Elyvilon
Kikubaaqudgha
Okawaru
Trog

Shops:
D:4 ?!:%[   D:6 [:


Innate Abilities, Weirdness & Mutations

You do not eat or drink.
Your flesh is vulnerable to fire.
You are immune to poison.
Your flesh is cold resistant.
You are immune to negative energy.
You are immune to unholy pain and torment.
You can survive without breathing.


Message History

You barely miss the wight.
The wight is almost destroyed.
The wight barely misses you.
The wight hits you with an enchanted dagger.
* * * LOW HITPOINT WARNING * * *
There is an open door here.
There is an open door here.
You see here 25 arrows.
There is an open door here.
Things that are here:
a hand axe; a scale mail
There is an open door here.
There is a stone staircase leading up here.
The wight hits you with an enchanted dagger!
* * * LOW HITPOINT WARNING * * *
You climb upwards.
There is a stone staircase leading down here.
The wight hits you with an enchanted dagger.
You die...
Kikubaaqudgha rasps: "You have failed me!
Welcome... oblivion!"

...!.....####.# #.. ..##.#
#..........##.# #.# #.##.#
....).##.#.##.####.######
#.##.#
#.###.##.#........<.....#
#.##.# #.#
#.##......>.........####.##.#
#.#
#.########.##....##.......Z.Z
#.# #Z###
#.##............##.. #.#
#...######.##z#..#..#########
#.###.#.........@.#.##.## #
...##...##.###.####.##.# #
....##.###.....# #.##.# #
...###.# #####.# #.##.# #
#.## #.# #># #.##.# # #.# #.#
#.####.##.# # #.# #.#
#.##...##.# # #.####.#
#.##.#.##.########## #......#
#.##.#.....Z........


You could see a wight.

Vanquished Creatures
  Sigmund (D:2)
  A centaur (D:6)
  An ogre (D:4)
  A giant frog (D:6)
  3 hounds
  An orc priest (D:5)
  Ijyb (D:3)
  An iguana (D:6)
  3 orc wizards (D:6)
  2 worker ants
  6 adders
  2 shadow imps
  An adder skeleton (D:6)
  5 worms
  A giant gecko (D:3)
  13 orcs
  13 bats
  6 giant cockroaches
  19 goblins
  9 hobgoblins
  6 jackals
  11 kobolds
  3 quokkas (D:4)
  A ball python (D:2)
  6 giant newts
  A quokka skeleton (D:4)
  7 rats
125 creatures vanquished.

Vanquished Creatures (collateral kills)
  An ogre (D:4)
  A giant gecko (D:1)
  A hobgoblin (D:1)
  2 jackals (D:1)
  A rat (D:1)
6 creatures vanquished.

Grand Total: 131 creatures vanquished

Notes
Turn   | Place    | Note
--------------------------------------------------------------
     0 | D:1      | dvd the Mummy Necromancer began the quest for the Orb.
     0 | D:1      | Reached XP level 1. HP: 13/13 MP: 3/3
   177 | D:1      | Reached XP level 2. HP: 16/19 MP: 0/5
   278 | D:1      | Learned a level 1 spell: Animate Skeleton
   793 | D:1      | Reached XP level 3. HP: 24/24 MP: 4/6
  1342 | D:2      | Found an ancient bone altar of Kikubaaqudgha.
  1447 | D:2      | Became a worshipper of Kikubaaqudgha
  1568 | D:2      | Learned a level 3 spell: Vampiric Draining
  1666 | D:2      | Found a white marble altar of Elyvilon.
  1835 | D:2      | Reached XP level 4. HP: 30/30 MP: 6/8
  2277 | D:2      | Noticed Sigmund
  2294 | D:2      | Killed Sigmund
  2294 | D:2      | Reached skill level 5 in Necromancy
  2294 | D:2      | Reached XP level 5. HP: 23/36 MP: 3/10
  2406 | D:2      | Learned a level 4 spell: Animate Dead
  2691 | D:3      | Reached * piety under Kikubaaqudgha
  2691 | D:3      | Received a gift from Kikubaaqudgha
  2692 | D:3      | Identified Kikubaaqudgha's Compendium of Stolen Souls (Kikubaaqudgha gifted it to you on level 3 of the Dungeon)
  2872 | D:3      | Found a bloodstained altar of Trog.
  2875 | D:3      | Reached XP level 6. HP: 42/42 MP: 8/11
  3313 | D:3      | Noticed Ijyb
  3329 | D:3      | Killed Ijyb
  3478 | D:3      | Your ally Ijyb died
  4065 | D:4      | Found an iron altar of Okawaru.
  4187 | D:4      | Reached ** piety under Kikubaaqudgha
  4293 | D:4      | Found Unis's Magic Scroll Shop.
  4299 | D:4      | Found Nageti's Book Shoppe.
  4496 | D:4      | Found Ovvem's Antique Armour Boutique.
  4499 | D:4      | Bought a runed robe for 19 gold pieces
  4499 | D:4      | Bought a glowing cloak for 126 gold pieces
  4651 | D:4      | Reached skill level 6 in Necromancy
  4651 | D:4      | Reached XP level 7. HP: 30/47 MP: 11/13
  4685 | D:4      | Found Bade Vaw's Food Boutique.
  4725 | D:4      | Found Qemiddu's Distillery.
  5052 | D:5      | Entered Level 5 of the Dungeon
  5200 | D:5      | Reached skill level 1 in Fighting
  5444 | D:5      | Learned a level 2 spell: Confusing Touch
  5803 | D:6      | Got a heavily runed cloak
  5814 | D:6      | Identified the +0 cloak of Apathy {+Blink rPois Int-2 Dex+2} (You found it on level 6 of the Dungeon)
  5846 | D:6      | Got a smoking large shield
  5852 | D:6      | Identified the +12 large shield of Lifelessness {rC- rN+ SInv Stlth+} (You found it on level 6 of the Dungeon)
  6162 | D:6      | Found Joaruyruity's Armour Boutique.
  6322 | D:6      | Reached skill level 5 in Spellcasting
  6419 | D:6      | Reached skill level 1 in Short Blades
  6431 | D:6      | Found Dueshi Bais's Book Shoppe.
  6561 | D:6      | HP: 2/48 [wight/enchanted dagger (6)]
  6602 | D:6      | HP: 2/48 [wight/enchanted dagger (7)]
  6616 | D:5      | Slain by a wight

Action                   |  1- 3 |  4- 6 |  7- 9 || total
-------------------------+-------+-------+-------++-------
Melee: Dagger            |    42 |    97 |    63 ||   202
       Unarmed           |     3 |       |       ||     3
       Short sword       |    13 |       |       ||    13
       Long sword        |       |       |    59 ||    59
 Cast: Pain              |    54 |    77 |    15 ||   146
       Animate Skeleton  |    10 |     4 |       ||    14
       Animate Dead      |       |    14 |     7 ||    21
       Vampiric Draining |       |     4 |    13 ||    17
       Confusing Touch   |       |       |     2 ||     2
  Use: Scroll            |       |     8 |     1 ||     9
 Stab: Distracted        |     2 |       |     1 ||     3
       Sleeping          |     5 |     5 |     1 ||    11
